 Dungeon Crawl Stone Soup version 0.27-a0-1590-g15f69828bf (webtiles) character file.

Game seed: 13416069523850106139

578 duskshroud the Chopper (level 7, -8/62 HPs)
             Began as a Minotaur Berserker on July 18, 2021.
             Was a Believer of Trog.
             Killed by nerve-wracking pain
             ... invoked by a shadow imp
              (14 damage)
             ... on level 5 of the Dungeon.
             The game lasted 00:07:42 (3156 turns).

duskshroud the Chopper (Minotaur Berserker)         Turns: 3156, Time: 00:07:42

Health: -8/62      AC:  9    Str: 23    XL:     7   Next: 13%
Magic:  6/6        EV: 14    Int:  4    God:    Trog [**....]
Gold:   136        SH:  0    Dex: 10    Spells: 6/6 levels left

rFire    . . .     SeeInvis .   z - +0 war axe
rCold    . . .     Faith    .   (no shield)
rNeg     . . .     Spirit   .   n - +0 scale mail
rPois    .         Reflect  .   (helmet restricted)
rElec    .         Harm     .   (no cloak)
rCorr    +         Rampage  .   v - +0 pair of gloves
Will     .....                  o - +0 pair of boots
Stlth    ..........             (no amulet)
HPRegen  0.20/turn              f - ring of resist corrosion
MPRegen  0.10/turn              g - +4 ring of evasion

@: no status effects
A: horns 2, retaliatory headbutt
a: Renounce Religion, Berserk, Trog's Hand


You were on level 5 of the Dungeon.
You worshipped Trog.
Trog was pleased with you.
You visited 1 branch of the dungeon, and saw 5 of its levels.

You collected 136 gold pieces.

Inventory:

Hand Weapons
 a - a +0 shortbow
 x - a +0 flail of draining
 z - a +0 war axe (weapon)
Missiles
 d - 46 bolts
 h - 49 arrows
 w - 3 throwing nets (quivered)
Armour
 n - a +0 scale mail (worn)
 o - a +0 pair of boots (worn)
 v - a +0 pair of gloves (worn)
Jewellery
 f - a ring of resist corrosion (left hand)
 g - a +4 ring of evasion (right hand)
 s - a +4 ring of protection
Scrolls
 i - a scroll of magic mapping {unknown}
 k - 2 scrolls of enchant armour {unknown}
 l - a scroll of identify {unknown}
 m - a scroll of teleportation {unknown}
 t - a scroll of fear {unknown}
 u - a scroll of noise {unknown}
 y - a scroll of amnesia {unknown}
 A - a scroll of blinking {unknown}
Potions
 b - a potion of brilliance {unknown}
 c - 2 potions of might {unknown}
 e - a potion of ambrosia {unknown}
 j - 2 potions of curing {unknown}
 p - 2 potions of haste {unknown}
 q - 2 potions of heal wounds {unknown}
 r - a potion of flight {unknown}


   Skills:
 + Level 5.9 Fighting
 * Level 7.6 Axes
 + Level 4.8 Armour
 - Level 2.1 Dodging


You had 6 spell levels left.
You didn't know any spells.
Your spell library was empty.

Dungeon Overview and Level Annotations

Branches:
Dungeon (5/15)
 Temple: D:4-7

Altars:
Elyvilon
Qazlal
Vehumet
Yredelemnul

Shops:
D:4 [((


Innate Abilities, Weirdness & Mutations

You have a pair of horns on your head.
You reflexively headbutt those who attack you in melee.


Message History

The bush is heavily damaged.
The centaur shoots an arrow.
The arrow hits you but does no damage.
You hit the bush.
The bush is heavily damaged.
The centaur shoots an arrow.
The arrow hits you!
* * * LOW HITPOINT WARNING * * *
The centaur shoots an arrow.
The arrow hits you.
* * * LOW HITPOINT WARNING * * *
The centaur unwields a +0 shortbow.
The centaur hits the bush but does no damage.
The centaur kicks the bush but does no damage.
You start resting.
A shadow imp comes into view.
The shadow imp shouts!
Something hits the bush.
Something kicks the bush but does no damage.
Something hits the bush but does no damage.
Something kicks the bush but does no damage.
Something hits the bush but does no damage.
Something kicks the bush but does no damage.
Something hits the bush but does no damage.
Something kicks the bush but does no damage.
Something hits the bush but does no damage.
Something kicks the bush but does no damage.
Something hits the bush.
Something kicks the bush but does no damage.
Something hits the bush but does no damage.
Something kicks the bush but does no damage.
The shadow imp gestures at you.
You struggle to resist.
The shadow imp gestures at you. Pain shoots through your body!
* * * LOW HITPOINT WARNING * * *
The centaur wields a +0 shortbow.
The centaur shoots an arrow.
The arrow hits you.
* * * LOW HITPOINT WARNING * * *
The centaur shoots an arrow.
The arrow closely misses you. The shadow imp gestures at you.
Pain shoots through your body!
You die...

................##... ..# #.#
......#########.##..# #.# #.#
...........####.##..# #.# ####>#
......###..#.##.##..####.###.##.#
..............................#.#
......#................c.........
........#..#.##).................
........#..#.##^#...5............
...............<@...###...#...#P#
........#.##..................#c#
........................$.....#$#
.....#..#.##.###..............#.#
#####..#.#...................≈.≈
.[..........###....##........≈≈≈
##.###.##.##.###....##....#......
#.........................#......
...# #.#.....####.#..............


You could see a centaur and a shadow imp.

Vanquished Creatures
  Menkaure (D:4)
  Edmund (D:4)
  A phantom (D:5)
  A scorpion (D:3)
  A hound (D:4)
  An iguana (D:4)
  An orc wizard (D:4)
  4 gnolls (D:4)
  3 adders (D:3)
  A worm (D:3)
  2 dart slugs (D:1)
  3 orcs (D:4)
  2 bats
  2 endoplasms
  3 giant cockroaches
  7 goblins
  3 hobgoblins
  4 jackals (D:1)
  8 kobolds
  2 quokkas
  5 ball pythons
  4 frilled lizards
  A rat (D:2)
61 creatures vanquished.

Vanquished Creatures (others)
  A bush (D:5)
1 creature vanquished.

Grand Total: 62 creatures vanquished

Notes
Turn   | Place    | Note
-------+----------+-------------------------------------------
     0 | D:1      | duskshroud the Minotaur Berserker began the quest for the
                  | Orb.
     0 | D:1      | Reached XP level 1. HP: 19/19 MP: 0/0
   171 | D:1      | Reached skill level 4 in Axes
   179 | D:1      | Reached XP level 2. HP: 27/27 MP: 1/1
   965 | D:2      | Found a faded altar of an unknown god.
  1119 | D:2      | Reached XP level 3. HP: 33/33 MP: 2/2
  1135 | D:2      | Found a radiant altar of Vehumet.
  1328 | D:3      | Reached ** piety under Trog
  1368 | D:3      | Reached skill level 5 in Axes
  1381 | D:3      | Noticed a scorpion
  1389 | D:3      | Killed a scorpion
  1390 | D:3      | Reached XP level 4. HP: 41/41 MP: 3/3
  1542 | D:3      | Found a stormy altar of Qazlal.
  1669 | D:3      | Reached XP level 5. HP: 47/47 MP: 4/4
  1833 | D:4      | Found a basalt altar of Yredelemnul.
  2035 | D:4      | Noticed Menkaure
  2050 | D:4      | Killed Menkaure
  2051 | D:4      | Reached skill level 5 in Fighting
  2051 | D:4      | Reached skill level 6 in Axes
  2051 | D:4      | Reached XP level 6. HP: 44/56 MP: 5/5
  2155 | D:4      | Noticed Edmund
  2172 | D:4      | Killed Edmund
  2173 | D:4      | Reached skill level 7 in Axes
  2500 | D:4      | Found Ifamoc's Armour Emporium.
  2501 | D:4      | Found Nofin's Antique Weapon Boutique.
  2502 | D:4      | Found Rodoilej's Antique Weapon Boutique.
  2745 | D:4      | Found a white marble altar of Elyvilon.
  2846 | D:5      | Entered Level 5 of the Dungeon
  2864 | D:5      | Reached XP level 7. HP: 56/62 MP: 6/6
  3156 | D:5      | Killed from afar by a shadow imp

Illustrated notes

Levels and vault maps discovered:
D:1:      psy_arrival_conway, layout_loops_ring, minmay_box_of_dots
D:2:      layout_rooms, shapermc_ecumenical_altar_starsandcircs, basic_altar,
          kennysheep_another_room, kennysheep_generic_room_14
D:3:      layout_rooms, lemuel_tele_altar
D:4:      layout_loops_corners, kennysheep_ying_yang, nicolae_wooded_promenade,
          uniq_edmund, uniq_menkaure
D:5:      layout_basic, tgw_sif, dk_xom_monty_hall,
          minmay_temple_entry_butterflies, kb_lookout_dungeons_type

Skill      XL: |  1  2  3  4  5  6 |
---------------+-------------------+-----
Axes           | 4 5 6 7 |  7.6
Fighting       | 4 5 |  5.9
Armour         | 3 4 |  4.8
Dodging        | |  2.1

Action                   |  1- 3 |  4- 6 |  7- 9 || total
-------------------------+-------+-------+-------++-------
Melee: Hand axe          |    59 |    50 |       ||   109
       Headbutt          |     9 |    13 |     2 ||    24
       War axe           |       |    17 |     7 ||    24
Invok: Berserk           |     2 |     3 |       ||     5
       Trog's Hand       |       |     1 |       ||     1
Armor: Animal skin       |     6 |       |       ||     6
       Scale mail        |     7 |    21 |     5 ||    33
Dodge: Dodged            |    55 |    47 |     6 ||   108

Table legend: (Time is in decaauts)
 A = Elapsed time spent in this place.
 B = Non-inter-level travel time spent in this place.
 C = Inter-level travel time spent in this place.
 D = Time resting spent in this place.
 E = Time spent auto-exploring this place.
 F = Levels seen in this place.
 G = Mean time per level.
                   A        B        C        D        E       F      G
               +--------+--------+--------+--------+--------+-----+--------+
         Total |   3208 |   3141 |     67 |    401 |   2183 |   5 |  641.6 |
       Dungeon |   3208 |   3141 |     67 |    401 |   2183 |   5 |  641.6 |
               +--------+--------+--------+--------+--------+-----+--------+

Top non-repeatable levels by time:
     D:4: 1111 daAuts
     D:1: 857 daAuts
     D:2: 469 daAuts
     D:3: 458 daAuts
     D:5: 311 daAuts
